 Dungeon Crawl Stone Soup version 0.30-a0-6-g7c9e10e132 (webtiles) character file.

Game seed: 7704083017906479945

49 nickcage the Cudgeller (level 3, 0/31 HPs)
             Began as a Minotaur Abyssal Knight on Aug 22, 2022.
             Was a Believer of Lugonu.
             Slain by a gnoll
             ... wielding a +0 vorpal flail
              (1 damage)
             ... on level 2 of the Dungeon.
             The game lasted 00:04:06 (2158 turns).

nickcage the Cudgeller (Minotaur Abyssal Knight)    Turns: 2158, Time: 00:04:06

Health: 0/31       AC: 15    Str: 19    XL:     3   Next: 53%
Magic:  3/3        EV:  2    Int:  7    God:    Lugonu [**....]
Gold:   180        SH:  0    Dex: 10    Spells: 2/2 levels left

rFire   . . .      SeeInvis .    a - +1 mace
rCold   . . .      Faith    .    (no shield)
rNeg    . . .      Spirit   .    o - +0 crystal plate armour
rPois   .          Reflect  .    (helmet restricted)
rElec   .          Harm     .    (no cloak)
rCorr   .          Rampage  .    (no gloves)
Will    .....                    (no boots)
Stlth   ..........               (no amulet)
HPRegen 0.10/turn                (no ring)
MPRegen 0.08/turn                (no ring)

@: no status effects
A: horns 2, retaliatory headbutt
a: Renounce Religion, Depart the Abyss, Bend Space


You were on level 2 of the Dungeon.
You worshipped Lugonu.
Lugonu was pleased with you.
You visited 1 branch of the dungeon, and saw 3 of its levels.
You visited the Abyss 1 time.

You collected 180 gold pieces.

Inventory:

Hand Weapons
 a - a +1 mace (weapon)
Missiles
 i - 4 javelins (quivered)
Armour
 b - a +0 leather armour
 j - a +0 ring mail
 n - a +0 scale mail
 o - a +0 crystal plate armour (worn)
Scrolls
 d - a scroll of enchant weapon {unknown}
 e - a scroll of immolation {unknown}
 f - a scroll of enchant armour {unknown}
 h - 2 scrolls of amnesia {unknown}
 k - 3 scrolls of teleportation {unknown}
 m - 2 scrolls of identify {unknown}
 p - 2 scrolls of butterflies {unknown}
 q - a scroll of poison {unknown}
Potions
 c - 4 potions of lignification {unknown}
 g - a potion of curing {unknown}
 l - a potion of mutation {unknown}
 r - a potion of heal wounds {unknown}
 s - 2 potions of resistance {unknown}


   Skills:
 - Level 3.6 Fighting
 * Level 4.7 Maces & Flails
 + Level 2.7 Armour
 - Level 1.1 Dodging
 - Level 1.7 Invocations


You had 2 spell levels left.
You didn't know any spells.
Your spell library contained the following spells:

 Spells                   Type           Power      Damage    Failure   Level
 Apportation              Tloc           0%         N/A       100%        1
 Foxfire                  Conj/Fire      0%         2x1d4     100%        1
 Conjure Flame            Conj/Fire      0%         6-21      100%        3
 Inner Flame              Hex/Fire       0%         N/A       100%        3
 Flame Wave               Conj/Fire      0%         2d4       100%        4
 Alistair's Intoxication  Tmut/Pois      0%         N/A       100%        5


Dungeon Overview and Level Annotations

Branches:
Dungeon (3/15)

Altars:
Cheibriados
Fedhas
Sif Muna
Wu Jian

Shops:
D:3 (


Innate Abilities, Weirdness & Mutations

You have a pair of horns on your head.
You reflexively headbutt those who attack you in melee.


Message History

A gnoll comes into view. It is wielding a +0 vorpal flail.
The gnoll shouts!
You hit the gnoll.
The gnoll is heavily wounded.
You hear a shout!
The gnoll hits you but does no damage.
A gnoll comes into view. It is wielding a +0 spear.
A gnoll comes into view. It is wielding a +0 flail.
The gnoll hits you with a +0 whip.
An endoplasm comes into view.
The gnoll hits you but does no damage.
There is a stone staircase leading up here.
The gnoll hits you from afar with a +0 spear.
You climb upwards.
There is a stone staircase leading down here.
You hit the gnoll.
The gnoll is lightly wounded.
The gnoll hits you but does no damage. The gnoll hits you with a +0 whip.
You hit the gnoll but do no damage.
The gnoll is lightly wounded.
The gnoll hits you with a +0 vorpal flail!
* * * LOW HITPOINT WARNING * * *
The gnoll hits you but does no damage.
You sock the gnoll!
The gnoll is almost dead.
The gnoll barely misses you. The gnoll hits you with a +0 whip.
* * * LOW HITPOINT WARNING * * *
You barely miss the gnoll. Your headbutt misses the gnoll.
The gnoll is almost dead.
The gnoll hits you but does no damage. x2
You barely miss the gnoll.
The gnoll is almost dead.
The gnoll hits you with a +0 vorpal flail.
* * * LOW HITPOINT WARNING * * *
x2 The gnoll hits you but does no damage.
You barely miss the gnoll. Your headbutt misses the gnoll.
The gnoll is almost dead.
The gnoll hits you but does no damage. x2
The gnoll hits you with a +0 vorpal flail.
You die...

# # #
##############
######..........@g#
.......####.#####g#
##.##..#.......##.#
##.##..#.##.##.##.#
##...........<....#
#####.########.####
#####.# #.# ......#
###.# ....#####
#...#


You could see 2 gnolls.

Vanquished Creatures
  An adder (D:3)
  3 ball pythons
  2 endoplasms
  3 giant cockroaches
  8 goblins
  A hobgoblin (D:3)
  3 quokkas
  5 bats
  2 frilled lizards
  4 kobolds
  4 rats
36 creatures vanquished.

Notes
Turn   | Place    | Note
-------+----------+-------------------------------------------
     0 | Abyss:1  | nickcage the Minotaur Abyssal Knight began the quest for
                  | the Orb.
     0 | Abyss:1  | Reached XP level 1. HP: 19/19 MP: 1/1
     1 | D:1      | Escaped the Abyss
    88 | D:1      | Reached skill level 3 in Maces & Flails
   147 | D:1      | Reached XP level 2. HP: 23/26 MP: 2/2
   888 | D:2      | Reached skill level 4 in Maces & Flails
   960 | D:2      | Found a faded altar of an unknown god.
  1230 | D:2      | Reached XP level 3. HP: 29/31 MP: 3/3
  1620 | D:3      | Found an ornate altar of the Wu Jian Council.
  1621 | D:3      | Found a shimmering blue altar of Sif Muna.
  1621 | D:3      | Found a blossoming altar of Fedhas.
  1719 | D:3      | Found a snail-covered altar of Cheibriados.
  1994 | D:3      | Found Qanous Kai's Weapon Emporium.
  2157 | D:2      | HP: 1/31 [gnoll/+0 vorpal flail (1)]
  2158 | D:2      | Slain by a gnoll

Illustrated notes

Levels and vault maps discovered:
D:1:      dpeg_arrival_line_fractal, layout_basic
D:2:      layout_loops_cross, ebering_ecumenical_altar_mist
D:3:      layout_basic, chequers_temple_overflow_statue_of_worship,
          serial_shops, shop

Skill      XL: |  1  2 |
---------------+-------+-----
Maces & Flails | 3 4 |  4.7
Fighting       | |  3.6
Armour         | |  2.7
Dodging        | |  1.1
Invocations    | |  1.7

Action                   || total
-------------------------++-------
Melee: Mace              ||    76
       Headbutt          ||    13
Armor: Leather armour    ||     4
       Ring mail         ||    17
       Crystal plate arm ||    28
Dodge: Dodged            ||    42

Table legend: (Time is in decaauts)
 A = Elapsed time spent in this place.
 B = Non-inter-level travel time spent in this place.
 C = Inter-level travel time spent in this place.
 D = Time resting spent in this place.
 E = Time spent auto-exploring this place.
 F = Levels seen in this place.
 G = Mean time per level.
                   A        B        C        D        E       F      G
               +--------+--------+--------+--------+--------+-----+--------+
         Total |   2172 |   2104 |     68 |      0 |   1803 |   4 |  543.0 |
       Dungeon |   2171 |   2103 |     68 |      0 |   1803 |   3 |  723.7 |
         Abyss |      1 |      1 |      0 |      0 |      0 |   1 |    1.0 |
               +--------+--------+--------+--------+--------+-----+--------+

Top non-repeatable levels by time:
     D:1: 891 daAuts
     D:2: 731 daAuts
     D:3: 548 daAuts
 Abyss:1: 1 daAuts
